 Dungeon Crawl Stone Soup version 0.29.1-1-gd02db6906a (webtiles) character file.

Game seed: 10758030132404070794

552 styxcanada the Covert (level 7, 0/35 HPs)
             Began as a Spriggan Brigand on Sept 29, 2022.
             Was an Initiate of Gozag.
             Slain by Terence
             ... wielding a +3 vorpal flail
              (2 damage)
             ... on level 3 of the Dungeon on Sept 30, 2022.
             The game lasted 00:09:38 (2883 turns).

styxcanada the Covert (Spriggan Brigand)            Turns: 2883, Time: 00:09:39

Health: 0/35       AC:  3    Str:  7    XL:     7   Next: 8%
Magic:  21/21      EV: 18    Int: 13    God:    Gozag
Gold:   178        SH:  0    Dex: 18    Spells: 11/11 levels left

rFire   . . .      SeeInvis +   r - +10 short sword of Foqithruts {vorpal, rElec rCorr}
rCold   . . .      Faith    .   (no shield)
rNeg    . . .      Spirit   .   b - +0 robe
rPois   .          Reflect  .   (helmet restricted)
rElec   +          Harm     .   c - +0 cloak
rCorr   +          Rampage  .   (gloves unavailable)
Will    +....                   (boots unavailable)
Stlth   +++++.....              (no amulet)
HPRegen 0.11/turn               n - ring of magical power
MPRegen 0.17/turn               (no ring)

@: gold aura, very quick
A: very small, no large weapons, unfitting armour, see invisible, speed 3
a: Renounce Religion, Potion Petition, Call Merchant, Bribe Branch


You were on level 3 of the Dungeon.
You worshipped Gozag.
Gozag was aware of your devotion.
You visited 2 branches of the dungeon, and saw 5 of its levels.

You collected 219 gold pieces.
You paid 41 gold pieces to Gozag.

Inventory:

Hand Weapons
 a - a +2 dagger
 o - the +5 quarterstaff "Sacsiuc" {pain, rF++ rN+}
   (You found it on level 2 of the Dungeon)

   In the hands of one skilled in necromantic magic, it inflicts extra damage on
   living creatures.
   rF:        It greatly protects you from fire.
   rN:        It protects you from negative energy.
 r - the +10 short sword of Foqithruts (weapon) {vorpal, rElec rCorr}
   (You found it on level 4 of the Dungeon)

   It inflicts extra damage upon your enemies.
   rElec:     It insulates you from electricity.
   rCorr:     It protects you from acid and corrosion.
 t - a +3 dagger
Missiles
 d - 10 poisoned darts (quivered)
 e - 3 curare-tipped darts
 g - 17 stones
 p - a throwing net
Armour
 b - a +0 robe (worn)
 c - a +0 cloak (worn)
Jewellery
 n - a ring of magical power (left hand)
Scrolls
 f - a scroll of enchant weapon {unknown}
 j - a scroll of magic mapping {unknown}
 k - a scroll of enchant armour {unknown}
 m - 2 scrolls of identify {unknown}
 q - a scroll of silence {unknown}
 s - a scroll of vulnerability {unknown}
Potions
 h - a potion of cancellation {unknown}
 i - a potion of curing {unknown}
 l - a potion of ambrosia {unknown}


   Skills:
 * Level 2.4 Fighting
 + Level 3.4 Short Blades
 + Level 2.8 Throwing
 * Level 3.2 Dodging
 * Level 10.1 Stealth
 * Level 2.7 Spellcasting


You had 11 spell levels left.
You didn't know any spells.
Your spell library contained the following spells:

 Spells                   Type           Power      Damage    Failure   Level
 Shock                    Conj/Air       4%         1d3       24%         1
 Swiftness                Air            1%         N/A       56%         3
 Airstrike                Air            0%         2d(1-17)  93%         4


Dungeon Overview and Level Annotations

Branches:
Dungeon (4/15)             Temple (1/1) D:4

Altars:
Ashenzari
Gozag
Hepliaklqana
Kikubaaqudgha
Nemelex Xobeh
Qazlal
Ru
Sif Muna
Uskayaw
Vehumet

Annotations:
D:3 Terence


Innate Abilities, Weirdness & Mutations

You are very small and have problems with some larger weapons.
You are too small for most types of armour.
You have supernaturally acute eyesight. (SInv)
You cover ground extremely quickly. (Speed+++)


Message History

There is a stone staircase leading down here.
The orc shouts!
The orc wizard shouts!
You hit the orc.
You kill the orc!
An orc comes into view. It is wielding a +0 hand axe.
The orc priest casts a cantrip, but nothing happens.
The orc shouts!
You hit the orc wizard.
The orc wizard is moderately wounded.
The orc wizard casts a spell at you. You resist with almost no effort.
You hit the orc wizard.
The orc wizard is severely wounded.
Terence says, "Don't bother to defend, it's senseless."
The orc wizard hits you with a +0 dagger.
You hit the orc wizard.
The orc wizard is severely wounded.
The orc priest closely misses you.
The orc is distracted by your dazzling golden aura.
The orc wizard misses you.
The orc shouts!
You puncture the orc wizard!
You kill the orc wizard!
The orc is no longer distracted by gold.
You puncture the orc!
You kill the orc!
The orc priest calls down the wrath of Beogh upon you.
Pain shoots through your body!
Terence is distracted by your dazzling golden aura.
You barely miss Terence.
Terence is no longer distracted by gold.
Terence shouts!
Terence hits you with a +3 vorpal flail!
You closely miss Terence.
The orc priest hits you with a +0 war axe.
* * * LOW HITPOINT WARNING * * *
Terence hits you with a +3 vorpal flail!
* * * LOW HITPOINT WARNING * * *
You die...
Your body crumbles into a pile of gold.

#.#. ... $
#.. . ..#
..###..
#......
##...$###
#....o@.#
#....@.>#
#.......#
#.......#
#.......#
.........#
##.......#
#...$...#
$
#.......#


You could see Terence and an orc priest.

Vanquished Creatures
  Duvessa (D:4)
  A kobold brigand (D:4)
  A scorpion (D:4)
  Dowan (D:4)
  A hound (D:4)
  An orc priest (D:4)
  An iguana (D:4)
  3 orc wizards
  4 gnolls (D:4)
  An adder (D:2)
  A worm (D:4)
  6 dart slugs
  10 orcs
  4 endoplasms
  4 goblins
  4 hobgoblins
  2 jackals (D:1)
  3 quokkas
  A ball python (D:1)
  5 bats
  3 frilled lizards
  2 kobolds (D:1)
  4 rats
64 creatures vanquished.

Notes
Turn   | Place    | Note
-------+----------+-------------------------------------------
     0 | D:1      | styxcanada the Spriggan Brigand began the quest for the
                  | Orb.
     0 | D:1      | Reached XP level 1. HP: 10/10 MP: 2/2
    57 | D:1      | Reached skill level 6 in Stealth
   124 | D:1      | Reached XP level 2. HP: 14/14 MP: 3/3
   382 | D:1      | Reached skill level 7 in Stealth
   781 | D:2      | Reached XP level 3. HP: 16/18 MP: 4/4
  1044 | D:2      | Found a faded altar of an unknown god.
  1415 | D:2      | Identified the +5 quarterstaff "Sacsiuc" {pain, rF++ rN+}
  1570 | D:2      | You fall into a shaft and drop 2 floors!
  1687 | D:4      | Reached skill level 8 in Stealth
  1687 | D:4      | Reached skill level 1 in Spellcasting
  1687 | D:4      | Reached XP level 4. HP: 23/23 MP: 6/6
  1849 | D:4      | Found a stormy altar of Qazlal.
  1875 | D:4      | Found a sacrificial altar of Ru.
  1891 | D:4      | Noticed a scorpion
  1893 | D:4      | Killed a scorpion
  1894 | D:4      | Reached XP level 5. HP: 26/26 MP: 8/8
  1897 | D:4      | Identified the +10 short sword of Foqithruts {vorpal, rElec
                  | rCorr}
  2179 | D:4      | Found a staircase to the Ecumenical Temple.
  2183 | D:4      | Reached skill level 9 in Stealth
  2185 | Temple   | Entered the Ecumenical Temple
  2193 | Temple   | Became a worshipper of Gozag Ym Sagoz the Greedy
  2208 | D:4      | Identified the +0 ring mail of Henotheism {+Blink Will+
                  | Dex+5 Stlth-}
  2214 | D:4      | Noticed Duvessa
  2215 | D:4      | Noticed Dowan
  2299 | D:4      | Killed Duvessa
  2300 | D:4      | Reached XP level 6. HP: 25/30 MP: 10/10
  2385 | D:4      | Killed Dowan
  2705 | D:4      | Reached skill level 10 in Stealth
  2705 | D:4      | Reached XP level 7. HP: 35/35 MP: 11/11
  2836 | D:4      | Found a sparkling altar of Nemelex Xobeh.
  2874 | D:3      | Noticed Terence
  2883 | D:3      | Slain by Terence

Illustrated notes

Levels and vault maps discovered:
D:1:      dpeg_arrival_round_c, layout_loops_ring
D:2:      layout_basic, basic_ecumenical_altar
D:3:      layout_rooms, yredelemnul_forgotten_temple_becter, uniq_terence
D:4:      layout_loops_ring, kennysheep_little_box, nemelex_dance_club_becter,
          lemuel_doored_altar, minmay_temple_entry_proselytizer, uniq_duvessa
Temple:   nicolae_temple_little_seven

Skill      XL: |  1  2  3  4  5  6 |
---------------+-------------------+-----
Stealth        | 6 7 8 9 10 | 10.1
Spellcasting   | 1 2 |  2.7
Dodging        | 2 3 |  3.2
Fighting       | 2 |  2.4
Short Blades   | 3 |  3.4
Throwing       | |  2.8

Action                   |  1- 3 |  4- 6 |  7- 9 || total
-------------------------+-------+-------+-------++-------
Melee: Dagger            |    86 |    14 |       ||   100
       Punch             |     1 |       |       ||     1
       Short sword       |       |    25 |    14 ||    39
Throw: Dart              |    10 |    13 |       ||    23
 Stab: Sleeping          |    13 |     5 |     1 ||    19
       Distracted        |     1 |       |       ||     1
Armor: Robe              |     7 |     4 |       ||    11
Dodge: Dodged            |    49 |    19 |     4 ||    72
